 Dungeon Crawl Stone Soup version 0.30.1 (webtiles) character file.

Game seed: 15326178379256143089

11 Pepete the Magician (level 2, -3/21 HPs)
             Began as a Djinni Fire Elementalist on July 10, 2023.
             Slain by a quokka (5 damage)
             ... on level 1 of the Dungeon.
             The game lasted 00:01:29 (524 turns).

Pepete the Magician (Djinni Fire Elementalist)       Turns: 524, Time: 00:01:29

Health: -3/21      AC:  2    Str:  7    XL:     2   Next: 35%
Gold:   30         EV: 12    Int: 16    God:
                   SH:  0    Dex: 13

rFire   + + .        (no weapon)
rCold   x . .        (no shield)
rNeg    . . .        a - +0 robe
rPois   ∞            (no helmet)
rElec   .            (no cloak)
rCorr   .            (no gloves)
SInv    .            (boots unavailable)
Will    .....        (no amulet)
Stlth   ++           (no ring)
HPRegen 0.23/turn    (no ring)
MPRegen 0.00/turn

%: infuse magic (-4 HP)
@: flying, very slightly contaminated
A: sickness immunity, fire resistance 2, cold vulnerability 1, float, innate
caster, HP casting, extra vitality 1
a: no special abilities


You were on level 1 of the Dungeon.
You visited 1 branch of the dungeon, and saw 1 of its levels.

You collected 30 gold pieces.

Inventory:

Armour
 a - a +0 robe (worn)
Scrolls
 b - 2 scrolls of identify {unknown}


   Skills:
 * Level 1.1 Armour
 - Level 2.1 Dodging
 - Level 1.5 Stealth
 * Level 2.6 Spellcasting


You knew the following spells:

 Your Spells              Type           Power      Damage    Failure   Level
a - Foxfire               Conj/Fire      40%        2x1d6     6%          1
b - Scorch                Fire           20%        2d5       10%         2
c - Volatile Blastmotes   Fire/Tloc      20%        2d11      19%         3
d - Inner Flame           Hex/Fire       10%        N/A       19%         3
e - Flame Wave            Conj/Fire      10%        2d6       54%         4
Your spell library was empty.

Dungeon Overview and Level Annotations

Branches:
Dungeon (1/15)

Altars:


Innate Abilities, Weirdness & Mutations

You are immune to sickness and miasma.
You are immune to poison.
Your flesh is very heat resistant. (rF++)
You are vulnerable to cold. (rC-)
You float through the air rather than walking.
You learn spells naturally, not from books.
Your magical power is your life essence.
You have superior vitality. (+4 MHP)


Message History

The jackal bites you. The jackal closely misses you.
The quokka closely misses you.
You are too injured to fight recklessly!
The jackal barely misses you. The jackal bites you. The quokka bites you.
* * * LOW HITPOINT WARNING * * *
The jackal bites you.
* * * LOW HITPOINT WARNING * * *
The jackal misses you.
You are too injured to fight recklessly!
There are monsters nearby!
Unknown command.
Your foxfire dissipates!
The foxfire hits the jackal.
The jackal is heavily wounded.
You see here a quokka corpse.
It was a potion of curing.
You feel better. The quokka bites you.
* * * LOW HITPOINT WARNING * * *
The quokka barely misses you. The quokka attacks as you move away!
The quokka bites you.
* * * LOW HITPOINT WARNING * * *
Casting: Foxfire (safe; 6% risk of failure)
Confirm with . or Enter, or press ? or * to list all spells.
You conjure some foxfire!
* * * LOW HITPOINT WARNING * * *
The quokka closely misses you.
Unknown command.
Casting: Foxfire (safe; 6% risk of failure)
Confirm with . or Enter, or press ? or * to list all spells.
You don't know that spell.
The foxfire hits the quokka.
The quokka is almost dead.
The foxfire hits the quokka but does no damage.
The quokka is almost dead.
Unknown command.
Casting: Foxfire (safe; 6% risk of failure)
Confirm with . or Enter, or press ? or * to list all spells.
You conjure some foxfire!
* * * LOW HITPOINT WARNING * * *
The quokka bites you.
You die...

#### .... ### ###
#.################....
#..................#
########..####§....#
#.......v@r>##..###.
########.###..####h#.......
.........# #..# #[........
########## #..# #.#.$.#.##
###..# #.##.## ##....# #.#
.# ##.....####.# #
########............
.......).......#.#.#


You could see a quokka (ally target) and a jackal.

Vanquished Creatures
  A bat (D:1)
  2 giant cockroaches (D:1)
  A goblin (D:1)
  2 quokkas (D:1)
  2 frilled lizards (D:1)
  2 rats (D:1)
10 creatures vanquished.

Vanquished Creatures (others)
  59 foxfires (D:1)
59 creatures vanquished.

Grand Total: 69 creatures vanquished

Notes
Turn   | Place    | Note
-------+----------+-------------------------------------------
     0 | D:1      | Pepete the Djinni Fire Elementalist began the quest for the
                  | Orb.
     0 | D:1      | Pepete set off with the following spells memorised:
                  | Foxfire, Scorch, Volatile Blastmotes, Inner Flame, Flame
                  | Wave.
     0 | D:1      | Reached XP level 1. HP: 15/15 MP: 0/0
   352 | D:1      | Reached XP level 2. HP: 20/21 MP: 0/0
   381 | D:1      | Reached skill level 1 in Armour
   524 | D:1      | Slain by a quokka

Illustrated notes

Levels and vault maps discovered:
D:1:      lightli_arrival_flooded_house, layout_loops_ring,
          hellmonk_ecumenical_altar_leap_of_faith

Skill      XL: |  1  2 |
---------------+-------+-----
Armour         | 1 |  1.1
Dodging        | |  2.1
Stealth        | |  1.5
Spellcasting   | |  2.6

Action                     || total
---------------------------++-------
   Cast: Foxfire           ||    37
    Use: Potion            ||     1
  Dodge: Dodged            ||    16
